 Dungeon Crawl Stone Soup version 0.27-a0-1312-g5cdb2b3542 (webtiles) character file.

Game seed: 2922220263126245533

2492 HoaS the Grappler (level 9, -2/106 HPs)
             Began as a Demigod Gladiator on June 20, 2021.
             Slain by an orc warrior (10 damage)
             ... on level 7 of the Dungeon.
             The game lasted 00:18:44 (7438 turns).

HoaS the Grappler (Demigod Gladiator)               Turns: 7438, Time: 00:18:44

Health: -2/106     AC: 24    Str: 27    XL:     9   Next: 7%
Magic:  11/11      EV:  2    Int: 10    God:
Gold:   343        SH:  0    Dex: 21    Spells: 8/8 levels left

rFire    . . .     SeeInvis .     - Unarmed
rCold    . . .     Faith    .   (no shield)
rNeg     + + +     Spirit   .   (armour currently unavailable)
rPois    +         Reflect  .   (helmet currently unavailable)
rElec    .         Harm     .   (cloak currently unavailable)
rCorr    .         Rampage  .   (gloves currently unavailable)
Will     .....     NoTele   +   (boots currently unavailable)
Stlth    ++........             (no amulet)
HPRegen  0.27/turn              i - +4 ring of slaying
MPRegen  0.12/turn              k - +6 ring of dexterity

@: tree-form
A: stationary, stasis, torment immunity, boosted hp, high mp 1, forlorn
a: no special abilities


You were on level 7 of the Dungeon.
You were a tree.
You visited 1 branch of the dungeon, and saw 7 of its levels.
You also visited: Ossuary.

You collected 343 gold pieces.

Inventory:

Missiles
 c - 2 throwing nets (quivered)
 l - a curare-tipped dart
 p - 7 atropa-tipped darts
 s - 2 boomerangs
 w - 35 poisoned darts
Armour
 j - a +2 ring mail of fire resistance (melded)
 n - the +0 hat of Ferocious Miracles (melded) {rElec rPois Regen+}
   (You acquired it on level 4 of the Dungeon)

   It insulates you from electricity.
   It protects you from poison.
   It increases your rate of health regeneration.
 r - a +2 pair of boots (melded)
 v - a +0 plate armour
Jewellery
 i - a +4 ring of slaying (left branch)
 k - a +6 ring of dexterity (right branch)
Wands
 b - a wand of acid (7)
 g - a wand of iceblast (13)
 m - a wand of paralysis (6)
 q - a wand of mindburst (6)
 x - a wand of charming (8)
 z - a wand of polymorph (8)
Scrolls
 o - 3 scrolls of teleportation
 y - a scroll of fog
Potions
 d - a potion of invisibility {unknown}
 e - 2 potions of mutation
 f - a potion of curing {unknown}
 h - 2 potions of flight {unknown}
 t - 2 potions of heal wounds {unknown}
 u - 2 potions of haste {unknown}
 A - a potion of ambrosia {unknown}


   Skills:
 + Level 4.1 Fighting
 - Level 1.7 Throwing
 + Level 4.1 Armour
 + Level 4.1 Dodging
 * Level 9.8 Unarmed Combat


You had 8 spell levels left.
You didn't know any spells.
Your spell library contained the following spells:

 Spells                   Type           Power      Damage    Failure   Level
 Foxfire                  Conj/Fire      0%         2x1d4     36%         1
 Passwall                 Tmut/Erth      0%         N/A       50%         2
 Conjure Flame            Conj/Fire      0%         6-21      75%         3
 Ignite Poison            Fire/Tmut/Pois 0%         N/A       75%         3
 Inner Flame              Hex/Fire       0%         N/A       75%         3
 Sticky Flame             Conj/Fire      0%         2d3       98%         4
 Fireball                 Conj/Fire      0%         3d3       100%        5
 Irradiate                Conj/Tmut      0%         3d14      100%        5
 Lee's Rapid Deconstruct  Erth           0%         3d5*      100%        5
 Yara's Violent Unravell  Hex/Tmut       0%         3d3       100%        5


Dungeon Overview and Level Annotations

Branches:
Dungeon (7/15)             Temple (0/1) D:5         Ossuary (visited)

Annotations:
D:6 3 runed translucent doors, Nosferatu13666's ghost, novice SpEn


Innate Abilities, Weirdness & Mutations

You are a tree.
Your roots penetrate the ground, keeping you stationary.
You cannot be teleported.
You are immune to unholy pain and torment.
Your maximum health is greatly increased.
Your equipment is partially melded.
Your attributes grow dramatically as you level up.
You have an increased reservoir of magic. (+10% MP)
You shall have no god before yourself.


Message History

The gnoll hits you but does no damage.
The orc warrior hits you with a +0 flail.
You hit the gnoll.
The gnoll is severely wounded.
The gnoll barely misses you.
The orc warrior hits you with a +0 flail.
You hit the gnoll. You punch the gnoll.
You kill the gnoll!
You barely miss the orc warrior.
The orc warrior hits you with a +0 flail!!
You hit the orc warrior. Your punch misses the orc warrior.
The orc warrior is lightly wounded.
You hear some strange, mumbled words.
Something tries to affect you, but you resist.
The orc warrior misses you.
You punch the orc warrior! Your punch misses the orc warrior.
The orc warrior is moderately wounded.
Something hits you.
* * * LOW HITPOINT WARNING * * *
The orc warrior hits you with a +0 flail!
* * * LOW HITPOINT WARNING * * *
You punch the orc warrior!
The orc warrior is severely wounded.
Something hits you but does no damage. The orc warrior completely misses you.
Really quaff the potion of lignification?
You turn into a tree.
The +0 hat of Ferocious Miracles {rElec rPois Regen+} melds into your body.
Your +2 pair of boots melds into your body.
Your +2 ring mail of fire resistance melds into your body.
You feel less resistant to fire.
Your roots penetrate the ground.
Something hits you.
* * * LOW HITPOINT WARNING * * *
The orc warrior hits you but does no damage.
You hit the orc warrior but do no damage.
The orc warrior is severely wounded.
Something hits you but does no damage.
You barely miss the orc warrior.
The orc warrior is severely wounded.
The orc warrior hits you with a +0 flail!
You die...

.....### ##..##
.......# ##..##
.......## ##.###
####....####..#
####.....#...##
......[.....##
............# ###
............####.##
.............##)♣{##
##+#####'##.....#o.#
###.....###....##..#
'###.#.###'...####)####
#.###.###.#...#
#...).##
#..#.#.#..#..##
##.#...# #.#.###.#.#..#
####).## #..#.#.#..#..#
##..# #.###.###.#..#
#..###


You could see an orc warrior.

Vanquished Creatures
  Grinder (D:6)
  Menkaure (D:7)
  An acid dragon (D:7)
  A water moccasin (D:7)
  A hornet zombie (D:6)
  A sky beast (D:7)
  A black bear (D:7)
  An orc warrior (D:7)
  A necrophage (D:6)
  2 ogres
  2 kobold brigands (D:7)
  3 bullfrogs (D:7)
  A water moccasin skeleton (D:5)
  A centaur zombie (Ossuary)
  2 bullfrog zombies (D:7)
  3 orc priests
  A gnoll shaman (D:7)
  3 hounds (D:6)
  2 centaur skeletons
  An iguana (D:7)
  A human zombie (Ossuary)
  A bullfrog skeleton (D:5)
  Natasha (D:4)
  2 orc wizards
  A killer bee zombie (D:7)
  5 mummies
  A howler monkey skeleton (D:5)
  16 gnolls
  6 adders
  A shadow imp (D:6)
  2 white imps (D:7)
  2 ufetubi
  2 dart slugs
  A worm (D:2)
  14 orcs
  3 endoplasms (D:3)
  A giant cockroach (D:1)
  10 goblins
  6 hobgoblins
  2 jackals (D:4)
  11 kobolds
  5 quokkas
  7 ball pythons
  8 bats
  A frilled lizard (D:3)
  2 gnoll zombies (Ossuary)
  2 goblin zombies (Ossuary)
  A kobold zombie (Ossuary)
  An orc zombie (Ossuary)
  12 rats
  A spectral goblin (D:4)
159 creatures vanquished.

Vanquished Creatures (others)
  6 fungi (D:7)
  9 plants (D:7)
15 creatures vanquished.

Grand Total: 174 creatures vanquished

Notes
Turn   | Place    | Note
-------+----------+-------------------------------------------
     0 | D:1      | HoaS the Demigod Gladiator began the quest for the Orb.
     0 | D:1      | Reached XP level 1. HP: 17/17 MP: 3/3
    78 | D:1      | Reached skill level 3 in Unarmed Combat
   381 | D:1      | Reached XP level 2. HP: 22/24 MP: 4/4
   832 | D:2      | Reached skill level 4 in Unarmed Combat
   832 | D:2      | Reached XP level 3. HP: 28/29 MP: 5/5
  1411 | D:2      | Reached XP level 4. HP: 35/36 MP: 6/6
  2096 | D:1      | Reached skill level 5 in Unarmed Combat
  3547 | D:4      | Reached XP level 5. HP: 41/41 MP: 7/7
  3825 | D:4      | Identified a scroll of acquirement
  3825 | D:4      | Acquired the +0 hat of Ferocious Miracles {rElec rPois
                  | Regen+}
  3968 | D:4      | Noticed Natasha
  3975 | D:4      | Killed Natasha
  4272 | D:5      | Entered Level 5 of the Dungeon
  4295 | D:4      | Reached skill level 6 in Unarmed Combat
  4436 | D:5      | Reached XP level 6. HP: 36/48 MP: 8/8
  4581 | D:5      | Reached skill level 7 in Unarmed Combat
  4875 | D:5      | Found a staircase to the Ecumenical Temple.
  5029 | D:6      | Noticed Grinder
  5204 | D:6      | Killed Grinder
  5205 | D:6      | Reached skill level 8 in Unarmed Combat
  5205 | D:6      | Reached XP level 7. HP: 48/53 MP: 9/9
  5227 | D:6      | Found a sand-covered staircase.
  5240 | Ossuary  | Entered an ossuary
  5549 | D:6      | Found a runed translucent gate.
  5549 | D:6      | Found a runed translucent gate.
  5549 | D:6      | Found a runed translucent gate.
  5561 | D:6      | Noticed a kobold demonologist
  5563 | D:6      | Noticed Nosferatu13666's ghost (novice SpEn)
  5682 | D:6      | Reached skill level 9 in Unarmed Combat
  5714 | D:6      | Reached skill level 1 in Armour
  5762 | D:6      | Identified the Disquisition on the Mountains and Moulding
  6627 | D:6      | Reached XP level 8. HP: 47/62 MP: 10/10
  6787 | D:7      | Noticed Menkaure
  6799 | D:7      | Killed Menkaure
  7392 | D:7      | Reached XP level 9. HP: 70/71 MP: 11/11
  7438 | D:7      | Slain by an orc warrior

Illustrated notes

Levels and vault maps discovered:
D:1:      minmay_arrival_semitransparent, layout_rooms, serial_bayou_ford_a
D:2:      layout_loops_cross, basic_ecumenical_altar, minmay_hexomino_c4
D:3:      minmay_angry_zag, layout_loops_ring
D:4:      layout_loops_ring, nicolae_hepliaklqana_monster_ancestors,
          uniq_natasha
D:5:      layout_loops_ring, lemuel_temple_firewalk_a,
          chequers_serial_rivers_micro_e
D:6:      layout_layer_cave, ashenzari_altar_1, gup_ossuary_entry_pyramid,
          gammafunk_ghost_nasty_kobolds, uniq_grinder
D:7:      kennysheep_seaside_town, layout_layer_cave, yredelemnul_altar_generic,
          st_stairs_7, roderic_cross_of_infinity, uniq_menkaure

Skill      XL: |  1  2  3  4  5  6  7  8 |
---------------+-------------------------+-----
Unarmed Combat | 3 4 5 6 8 9 |  9.8
Fighting       | 2 4 |  4.1
Dodging        | 3 4 |  4.1
Armour         | 1 4 |  4.1
Throwing       | |  1.7

Action                   |  1- 3 |  4- 6 |  7- 9 || total
-------------------------+-------+-------+-------++-------
Melee: Unarmed           |   125 |   208 |   220 ||   553
       Punch             |       |     3 |    15 ||    18
Throw: Throwing net      |       |     3 |       ||     3
  Use: Scroll            |     3 |     9 |     4 ||    16
       Potion            |       |       |     1 ||     1
 Stab: Held in net/web   |       |     4 |       ||     4
       Distracted        |       |       |     1 ||     1
Armor: Leather armour    |    22 |       |       ||    22
       Ring mail         |    20 |    72 |    98 ||   190
       Skin              |       |       |     2 ||     2
Dodge: Dodged            |    80 |   109 |   120 ||   309

Table legend: (Time is in decaauts)
 A = Elapsed time spent in this place.
 B = Non-inter-level travel time spent in this place.
 C = Inter-level travel time spent in this place.
 D = Time resting spent in this place.
 E = Time spent auto-exploring this place.
 F = Levels seen in this place.
 G = Mean time per level.
                   A        B        C        D        E       F      G
               +--------+--------+--------+--------+--------+-----+--------+
         Total |   7390 |   7103 |    287 |   1570 |   4277 |   8 |  923.8 |
       Dungeon |   7133 |   6846 |    287 |   1529 |   4167 |   7 | 1019.0 |
       Ossuary |    256 |    256 |      0 |     41 |    110 |   1 |  256.0 |
               +--------+--------+--------+--------+--------+-----+--------+

Top non-repeatable levels by time:
     D:1: 1562 daAuts
     D:6: 1268 daAuts
     D:2: 944 daAuts
     D:3: 913 daAuts
     D:4: 862 daAuts
     D:5: 802 daAuts
     D:7: 779 daAuts
 Ossuary: 256 daAuts
